 Dungeon Crawl Stone Soup version 0.28-a0-973-ga7f8b01127 (webtiles) character file.

Game seed: 2605907759293998980

12470 Hipnos the Frost Mage (level 11, -8/57 HPs)
             Began as a Deep Elf Ice Elementalist on Dec 1, 2021.
             Was a Priest of Vehumet.
             Mangled by a cyclops (18 damage)
             ... on level 11 of the Dungeon.
             The game lasted 00:42:02 (12632 turns).

Hipnos the Frost Mage (Deep Elf Ice Elementalist)  Turns: 12632, Time: 00:42:03

Health: -8/57      AC: 15    Str:  5    XL:     11   Next: 62%
Magic:  13/30      EV: 16    Int: 25    God:    Vehumet [***...]
Gold:   525        SH:  5    Dex: 21    Spells: 20/37 levels left

rFire   . . .      SeeInvis .   B - +4 great sword (holy)
rCold   . . .      Faith    .   (shield currently unavailable)
rNeg    . . .      Spirit   .   R - +1 robe {Will+}
rPois   .          Reflect  +   c - +0 helmet
rElec   .          Harm     .   (no cloak)
rCorr   .          Rampage  .   (no gloves)
Will    ++...                   e - +0 pair of boots
Stlth   ++........              u - amulet of reflection
HPRegen 0.19/turn               b - +6 ring of dexterity
MPRegen 0.22/turn               f - ring of wizardry

@: ice-armoured, slowed, very slow
A: no striking features
a: Renounce Religion


You were on level 11 of the Dungeon.
You worshipped Vehumet.
Vehumet was most pleased with you.
You visited 2 branches of the dungeon, and saw 12 of its levels.
You also visited: Sewer.

You collected 525 gold pieces.

Inventory:

Hand Weapons
 j - a +1 dagger of holy wrath
 B - a +4 great sword of holy wrath (weapon)
 P - a +2 vorpal morningstar
 S - a +3 scimitar of flaming
Missiles
 d - a throwing net
Armour
 a - a +0 robe
 c - a +0 helmet (worn)
 e - a +0 pair of boots (worn)
 M - +0 acid dragon scales
 R - a +1 robe of willpower (worn)
Jewellery
 b - a +6 ring of dexterity (left hand)
 f - a ring of wizardry (right hand)
 g - a ring of protection from cold
 u - an amulet of reflection (around neck)
 v - a ring of willpower
 w - a ring of resist corrosion
 y - a ring of positive energy
 E - a ring of see invisible
 K - an amulet of magic regeneration
Wands
 x - a wand of flame (40)
 A - a wand of polymorph (8)
 F - a wand of digging (12)
 G - a wand of paralysis (8)
 J - a wand of iceblast (7)
 O - a wand of acid (3)
Scrolls
 h - 4 scrolls of amnesia {unknown}
 i - a scroll of fog {unknown}
 k - 12 scrolls of identify {unknown}
 l - a scroll of magic mapping {unknown}
 r - 5 scrolls of enchant armour {unknown}
 C - 5 scrolls of teleportation {unknown}
 D - a scroll of noise {unknown}
 H - a scroll of blinking {unknown}
 L - a scroll of brand weapon {unknown}
 Q - a scroll of enchant weapon {unknown}
Potions
 m - 5 potions of attraction {unknown}
 n - 3 potions of might {unknown}
 o - 3 potions of mutation {unknown}
 p - a potion of invisibility {unknown}
 q - 2 potions of degeneration {unknown}
 s - a potion of haste {unknown}
 t - 2 potions of flight
 z - 3 potions of curing
 I - 2 potions of brilliance {unknown}
 N - a potion of cancellation {unknown}


   Skills:
 + Level 2.1 Fighting
 - Level 3.3(3.7) Short Blades
 - Level 2.2(3.0) Long Blades
 + Level 6.4 Dodging
 - Level 2.4 Stealth
 - Level 1.6 Shields
 - Level 0.1 Unarmed Combat
 + Level 13.5 Spellcasting
 + Level 3.2 Conjurations
 + Level 2.4 Fire Magic
 * Level 14.5 Ice Magic
 - Level 2.1 Air Magic


You had 20 spell levels left.
You knew the following spells:

 Your Spells              Type           Power      Damage    Failure   Level
a - Freeze                Ice            100%       1d11      0%          1
b - Frozen Ramparts       Ice            100%       1d12      1%          3
c - Ozocubu's Armour      Ice            74%        N/A       1%          3
d - Hailstorm             Conj/Ice       57%        3d12      1%          4
e - Shock                 Conj/Air       100%       1d9       1%          1
f - Scorch                Fire           58%        2d8       1%          2
g - Stone Arrow           Conj/Erth      48%        3d10      1%          3

Your spell library contained the following spells:

 Spells                   Type           Power      Damage    Failure   Level
 Animate Skeleton         Necr           32%        N/A       1%          1
 Pain                     Necr           64%        1d7       1%          1
 Poisonous Vapours        Pois/Air       44%        N/A       1%          2
 Ignite Poison            Fire/Tmut/Pois 20%        N/A       1%          3
 Vampiric Draining        Necr           16%        2d7       4%          3
 Olgreb's Toxic Radiance  Pois           16%        N/A       4%          4


Dungeon Overview and Level Annotations

Branches:
Dungeon (11/15)            Temple (1/1) D:6            Lair (0/6) D:9
    Orc (0/2) D:10          Sewer (visited)

Altars:
Ashenzari
Cheibriados
Dithmenos
Elyvilon
Fedhas
Gozag
Hepliaklqana
Kikubaaqudgha
Makhleb
Nemelex Xobeh
Okawaru
Qazlal
Ru
Sif Muna
Trog
Uskayaw
Vehumet
Wu Jian
Xom
Yredelemnul
Zin
The Shining One

Shops:
D:2 =[?*   D:5 *

Annotations:
D:4 2 runed translucent doors, kwass's ghost, amateur GnAK


Message History

Confirm with . or Enter, or press ? or * to list all spells.
Casting: Hailstorm (safe; 1% risk of failure)
Press: ? - help, Dir - look around, f - activate A cannonade of hail descends around you!
The hail pelts the cyclops.
The cyclops is moderately wounded.
You feel very sick. The hornet closely misses you. The hornet misses you.
Casting: Hailstorm (safe; 1% risk of failure)
Confirm with . or Enter, or press ? or * to list all spells.
Okay, then.
Casting: Hailstorm (safe; 1% risk of failure)
Confirm with . or Enter, or press ? or * to list all spells.
Okay, then.
Casting: Hailstorm (safe; 1% risk of failure)
Confirm with . or Enter, or press ? or * to list all spells.
Aiming: Stone Arrow (safe; 1% risk of failure)
Press: ? - help, Shift-Dir - straight line, f - cyclops
Aim: a cyclops, quivering large rocks (moderately wounded, 98% to hit)
The stone arrow hits the cyclops!
The cyclops is heavily wounded.
You feel very sick. The hornet barely misses you.
The hornet stings you but does no damage.
The cyclops hits you!
Casting: Stone Arrow (safe; 1% risk of failure)
Confirm with . or Enter, or press ? or * to list all spells.
Aiming: Stone Arrow (safe; 1% risk of failure)
Press: ? - help, Shift-Dir - straight line, f/p - cyclops
Aim: a cyclops, quivering large rocks (heavily wounded, 98% to hit)
The stone arrow hits the cyclops!!
The cyclops is severely wounded.
You feel very sick. The hornet barely misses you.
You block the hornet's attack. The cyclops hits you!
* * * LOW HITPOINT WARNING * * *
The hornet completely misses you.
It was a potion of curing.
You feel better. The hornet barely misses you. The cyclops hits you!!
You die...

#########
#.....)..
#@C......
#.y......
#........
#...>....
#........
#........
#........
#........


You could see a cyclops and a hornet.

Vanquished Creatures
  A centaur warrior (D:9)
  Erica (D:10)
  A two-headed ogre (D:8)
  The ghost of sigonnn the Magician, a novice DjFE of Nemelex Xobeh (D:8)
  A manticore (D:8)
  Maggie (D:10)
  3 trolls (D:10)
  Prince Ribbit (D:8)
  2 hornets (D:9)
  A shadow (D:9)
  12 yaks
  A wraith (D:10)
  A wyvern (D:7)
  Grum (D:8)
  3 wargs (D:9)
  3 water moccasins
  An acid dragon (D:9)
  An ice beast (D:7)
  A hornet zombie (D:7)
  2 sky beasts (D:6)
  3 centaurs
  4 orc warriors
  2 wolves (D:8)
  A black bear (D:6)
  A necrophage (D:4)
  3 ogres
  2 kobold brigands
  3 bullfrogs
  2 gnoll sergeants
  A scorpion (D:5)
  A wyvern skeleton (D:5)
  A water moccasin skeleton (D:7)
  12 killer bees (D:9)
  4 centaur zombies
  A bullfrog zombie (D:5)
  4 hounds
  A jelly (D:6)
  2 centaur skeletons
  A gnoll shaman (D:7)
  7 orc priests
  2 bullfrog skeletons
  An iguana (D:7)
  7 orc wizards
  A killer bee zombie (D:8)
  A hound zombie (D:5)
  2 hound skeletons (D:5)
  19 gnolls
  2 adders
  An adder skeleton (D:4)
  A dart slug (D:1)
  18 orcs
  7 endoplasms
  5 giant cockroaches
  4 goblins
  6 hobgoblins
  8 jackals
  5 quokkas
  3 ball pythons
  21 bats
  3 frilled lizards
  10 kobolds
  8 rats
230 creatures vanquished.

Vanquished Creatures (others)
  A deep elf pyromancer (D:9)
  A plant (D:9)
2 creatures vanquished.

Grand Total: 232 creatures vanquished

Notes
Turn   | Place    | Note
-------+----------+-------------------------------------------
     0 | D:1      | Hipnos the Deep Elf Ice Elementalist began the quest for
                  | the Orb.
     0 | D:1      | Reached XP level 1. HP: 10/10 MP: 6/6
   238 | D:1      | Reached XP level 2. HP: 15/15 MP: 6/8
   285 | D:1      | Reached skill level 5 in Ice Magic
   831 | D:1      | Reached XP level 3. HP: 19/19 MP: 5/9
   937 | D:1      | Got the Tome of Poison
  1374 | D:2      | Found Siew's Magic Scroll Emporium.
  1444 | D:2      | Found Riofo's Armour Shoppe.
  1493 | D:3      | Learned a level 3 spell: Frozen Ramparts
  1497 | D:3      | Learned a level 3 spell: Ozocubu's Armour
  1578 | D:2      | Reached XP level 4. HP: 24/24 MP: 4/12
  1881 | D:2      | Reached skill level 6 in Ice Magic
  2002 | D:2      | Found Katyun's Jewellery Shoppe.
  2101 | D:2      | Found Culaphyi's Assorted Antiques.
  2226 | D:3      | Reached XP level 5. HP: 27/28 MP: 9/13
  2553 | D:3      | Noticed an ogre
  2562 | D:3      | Killed an ogre
  2563 | D:3      | Reached skill level 5 in Spellcasting
  2797 | D:4      | Noticed a necrophage
  2817 | D:4      | Killed a necrophage
  2818 | D:4      | Reached skill level 7 in Ice Magic
  2818 | D:4      | Reached XP level 6. HP: 15/32 MP: 9/16
  2830 | D:4      | Found a hide-covered altar of Uskayaw.
  2995 | D:4      | Found a runed translucent door.
  3002 | D:4      | Noticed kwass's ghost (amateur GnAK)
  3144 | D:4      | Found a runed translucent door.
  3178 | D:4      | Found a bloodstained altar of Trog.
  3283 | D:4      | Found a glowing drain.
  3429 | Sewer    | Entered a sewer
  3668 | Sewer    | Found a glowing silver altar of Zin.
  3967 | D:5      | Entered Level 5 of the Dungeon
  3973 | D:5      | Reached XP level 7. HP: 36/36 MP: 11/18
  4051 | D:5      | Found Jiharr's Gadget Gallery.
  4375 | D:5      | Reached skill level 8 in Ice Magic
  4626 | D:5      | Reached skill level 1 in Short Blades
  5314 | D:6      | Reached skill level 1 in Fighting
  5385 | D:6      | Reached XP level 8. HP: 43/43 MP: 14/20
  5574 | D:6      | Reached skill level 9 in Ice Magic
  5766 | D:6      | Found a shadowy altar of Dithmenos.
  5871 | D:6      | Found a staircase to the Ecumenical Temple.
  6081 | Temple   | Entered the Ecumenical Temple
  6090 | Temple   | Became a worshipper of Vehumet
  6170 | D:7      | Learned a level 4 spell: Hailstorm
  6432 | D:7      | Reached skill level 10 in Ice Magic
  6807 | D:7      | Found a shimmering blue altar of Sif Muna.
  6988 | D:7      | Reached XP level 9. HP: 37/47 MP: 17/24
  7023 | D:7      | HP: 1/47 [hornet zombie (10)]
  7424 | D:7      | Reached skill level 11 in Ice Magic
  7634 | D:8      | Noticed Prince Ribbit
  7647 | D:8      | Killed Prince Ribbit
  7653 | D:8      | Reached * piety under Vehumet
  7653 | D:8      | Offered knowledge of Shock by Vehumet.
  7809 | D:8      | Found an opulent altar of Gozag.
  7812 | D:8      | Found a runed translucent door.
  7976 | D:8      | Found a basalt altar of Yredelemnul.
  8062 | D:8      | Noticed Grum
  8069 | D:8      | Reached skill level 10 in Spellcasting
  8077 | D:8      | Killed Grum
  8300 | D:8      | Noticed sigonnn's ghost (novice DjFE)
  8355 | D:8      | Learned a level 1 spell: Shock
  8373 | D:8      | Found a white marble altar of Elyvilon.
  8397 | D:8      | Noticed a two-headed ogre
  8409 | D:8      | Killed a two-headed ogre
  8410 | D:8      | Reached skill level 5 in Dodging
  8410 | D:8      | Reached skill level 12 in Ice Magic
  8412 | D:8      | Reached XP level 10. HP: 52/52 MP: 18/26
  8557 | D:8      | Noticed a manticore
  8564 | D:8      | Killed sigonnn's ghost
  8566 | D:8      | Killed a manticore
  8774 | D:9      | Offered knowledge of Sandblast by Vehumet.
  8912 | D:9      | Reached skill level 1 in Shields
  8915 | D:9      | Reached ** piety under Vehumet
  9159 | D:9      | Paralysed by a hornet for 2 turns
  9160 | D:9      | Reached skill level 13 in Ice Magic
  9245 | D:9      | Noticed a deep elf pyromancer
  9254 | D:9      | Killed a deep elf pyromancer
  9255 | D:9      | Reached skill level 1 in Long Blades
  9355 | D:9      | Reached skill level 1 in Air Magic
  9668 | D:9      | Noticed a centaur warrior
  9698 | D:9      | Killed a centaur warrior
  9699 | D:9      | Reached skill level 1 in Conjurations
 10065 | D:9      | Reached XP level 11. HP: 41/57 MP: 21/29
 10159 | D:9      | Found a staircase to the Lair.
 10264 | D:9      | Offered knowledge of Scorch by Vehumet.
 10268 | D:9      | Learned a level 2 spell: Scorch
 10797 | D:9      | Reached skill level 14 in Ice Magic
 10799 | D:9      | Reached *** piety under Vehumet
 11191 | D:10     | Entered Level 10 of the Dungeon
 11402 | D:10     | Noticed Maggie
 11412 | D:10     | Killed Maggie
 11928 | D:10     | Found a staircase to the Orcish Mines.
 11951 | D:10     | Reached skill level 1 in Fire Magic
 12058 | D:10     | Noticed Erica
 12080 | D:10     | Killed Erica
 12191 | D:10     | Offered knowledge of Stone Arrow by Vehumet.
 12624 | D:10     | Learned a level 3 spell: Stone Arrow
 12632 | D:11     | Mangled by a cyclops

Illustrated notes

Levels and vault maps discovered:
D:1:      minmay_arrival_four_houses, layout_basic
D:2:      layout_rooms, serial_shops, shop, nicolae_shop_hallway_plus,
          nicolae_diamond_shop, nicolae_shop_hallway_plus
D:3:      layout_basic, serial_curves, eino_curves_03, eino_curves_04
D:4:      layout_cave_pools, bloody_trog, nicolae_uskayaw_dance_hall,
          portal_sewer_entry_c, ebering_ghost_sewer_f
D:5:      layout_loops_ring, nicolae_shop_gadgets
D:6:      layout_cave_pools, mainiacjoe_overflow_cross_hatched,
          minmay_temple_entry_slanted
D:7:      layout_basic, led_sif_book
D:8:      layout_rooms, grunt_gozag_breadcrumbs, kennysheep_ying_yang,
          enter_bailey_6, ebering_ghost_inner_flame, roderic_batcave,
          uniq_prince_ribbit1, uniq_grum
D:9:      minmay_opposing_rooms, layout_irregular_city,
          erik_lair_orcish_takeover, hive_lemuel
D:10:     layout_roguey, orc_0_dummy, uniq_maggie, uniq_erica
D:11:     layout_roguey, serial_shops, bzr_entry_gold, shop_fountains, shop,
          nicolae_stop_n_shop_1
Temple:   minmay_freezing_vapour_temple

Skill      XL: |  1  2  3  4  5  6  7  8  9 10 11 |
---------------+----------------------------------+-----
Ice Magic      | 5 6 7 8 10 12 13 14 | 14.5
Spellcasting   | 4 5 6 7 9 10 12 13 | 13.5
Dodging        | 3 4 5 6 |  6.4
Short Blades   | 2 3 |  3.3
Fighting       | 1 2 |  2.1
Shields        | 1 |  1.6
Long Blades    | 1 2 |  2.2
Air Magic      | 1 2 |  2.1
Conjurations   | 1 3 |  3.2
Fire Magic     | 2 |  2.4
Stealth        | |  2.4
Unarmed Combat | |  0.1

Action                   |  1- 3 |  4- 6 |  7- 9 | 10-12 || total
-------------------------+-------+-------+-------+-------++-------
Melee: Unarmed           |    12 |     3 |       |       ||    15
       Dagger            |       |    33 |   216 |       ||   249
       Great sword       |       |       |       |    47 ||    47
 Cast: Freeze            |    50 |    34 |    66 |    13 ||   163
       Frozen Ramparts   |     1 |    11 |    29 |    29 ||    70
       Ozocubu's Armour  |     1 |     4 |    18 |    23 ||    46
       Shock             |       |       |       |    96 ||    96
       Hailstorm         |       |       |       |    18 ||    18
       Scorch            |       |       |       |    27 ||    27
       Stone Arrow       |       |       |       |     2 ||     2
  Use: Potion            |       |     1 |     5 |     2 ||     8
 Stab: Sleeping          |     1 |       |     4 |     1 ||     6
Armor: Robe              |    18 |    12 |    87 |    57 ||   174
Dodge: Dodged            |    39 |    38 |   204 |   112 ||   393
Block: Other             |       |       |     6 |    33 ||    39
       Reflection        |       |       |     1 |     3 ||     4

Table legend: (Time is in decaauts)
 A = Elapsed time spent in this place.
 B = Non-inter-level travel time spent in this place.
 C = Inter-level travel time spent in this place.
 D = Time resting spent in this place.
 E = Time spent auto-exploring this place.
 F = Levels seen in this place.
 G = Mean time per level.
                   A        B        C        D        E       F      G
               +--------+--------+--------+--------+--------+-----+--------+
         Total |  12717 |  12505 |    212 |     67 |  10401 |  13 |  978.2 |
       Dungeon |  12289 |  12078 |    211 |     67 |  10152 |  11 | 1117.2 |
        Temple |     14 |     14 |      0 |      0 |      0 |   1 |   14.0 |
         Sewer |    412 |    412 |      0 |      0 |    248 |   1 |  412.0 |
               +--------+--------+--------+--------+--------+-----+--------+

Top non-repeatable levels by time:
     D:9: 2537 daAuts
     D:7: 1506 daAuts
    D:10: 1443 daAuts
     D:1: 1235 daAuts
     D:5: 1106 daAuts
     D:6: 1042 daAuts
     D:8: 1037 daAuts
     D:2: 900 daAuts
     D:4: 814 daAuts
     D:3: 653 daAuts
   Sewer: 412 daAuts
  Temple: 14 daAuts
    D:11: 12 daAuts
